 Dungeon Crawl Stone Soup version 0.23.2-1-ga50397a (webtiles) character file.

Game seed: 5359138400851444137

128 MalarOregon the Poker (level 5, -1/41 HPs)
             Began as a Merfolk Gladiator on May 21, 2019.
             Killed by nerve-wracking pain
             ... invoked by an orc priest
              (9 damage)
             ... on level 3 of the Dungeon.
             The game lasted 00:03:52 (2563 turns).

MalarOregon the Poker (Merfolk Gladiator)           Turns: 2563, Time: 00:03:52

Health: -1/41      AC:  6    Str: 15    XL:     5   Next: 12%
Magic:  5/5        EV: 14    Int:  7    God:
Gold:   125        SH:  0    Dex: 16    Spells: 4/4 levels left

rFire    . . .     SeeInvis .   a - +0 trident
rCold    . . .     Gourm    .   (no shield)
rNeg     . . .     Faith    .   b - +0 leather armour
rPois    .         Spirit   .   c - +0 helmet
rElec    .         Reflect  .   (no cloak)
rCorr    .         Harm     .   j - +0 pair of gloves
MR       .....                  t - +0 pair of boots
Stlth    +.........             (no amulet)
HPRegen  0.13/turn              (no ring)
MPRegen  0.09/turn              (no ring)

@: no status effects
A: change form in water, swift swim, stealthy swim
a: no special abilities


You were on level 3 of the Dungeon.
You were not hungry.

You visited 1 branch of the dungeon, and saw 3 of its levels.

You collected 125 gold pieces.

Inventory:

Hand Weapons
 a - a +0 trident (weapon)
Missiles
 d - 3 throwing nets (quivered) {!f}
Armour
 b - a +0 leather armour (worn)
 c - a +0 helmet (worn)
 j - a +0 pair of gloves (worn)
   (You found it on level 1 of the Dungeon)
 t - a +0 pair of boots (worn)
   (You found it on level 2 of the Dungeon)
Scrolls
 f - a scroll of amnesia {unknown}
 h - a scroll of magic mapping {unknown}
 i - 3 scrolls of identify {unknown}
 k - a scroll of random uselessness {unknown}
 m - a scroll of remove curse {unknown}
 o - a scroll of noise {unknown}
Potions
 g - 2 potions of mutation {unknown}
 l - 3 potions of degeneration {unknown}
 n - a potion of haste {unknown}
 p - a potion of ambrosia {unknown}
 q - a potion of agility {unknown}
 r - a potion of curing {unknown}
 s - a potion of resistance {unknown}
Comestibles
 e - 6 rations {!d}


   Skills:
 + Level 3.6 Fighting
 * Level 7.2 Polearms
 - Level 2.0 Throwing
 - Level 4.0 Dodging


You had 4 spell levels left.
You didn't know any spells.
Your spell library was empty.

Dungeon Overview and Level Annotations

Branches:
Dungeon (3/15)

Altars:
Elyvilon

Annotations:
D:2 1 runed translucent door, Crazy Yiuf


Message History

The jackal barks!
You hear a bark!
The orc wizard casts a spell.
The orc wizard blinks!
You puncture the orc!
You kill the orc!
A jackal comes into view.
The orc barely misses you.
You puncture the jackal!
You kill the jackal!
The orc closely misses you.
You puncture the jackal!
You kill the jackal!
The orc closely misses you.
You barely miss the rat. The orc hits you with a +0 mace!
You barely miss the orc. The rat barely misses you.
You puncture the orc!
You kill the orc!
The rat barely misses you.
Attack whom?
Aim: an orc priest You reach to attack!
You barely miss the orc priest. The rat misses you.
Attack whom?
Aim: an orc priest The rat is in the way.
You closely miss the rat. The rat closely misses you.
Attack whom?
Aim: an orc priest You hit the orc priest.
The rat completely misses you. The orc priest barely misses you.
Attack whom?
Aim: an orc priest (lightly wounded)
You puncture the orc priest!
The orc wizard gestures wildly while chanting.
The orc wizard blinks!
The rat closely misses you. The orc priest completely misses you.
Attack whom?
Aim: an orc priest (heavily wounded)
You hit the orc priest. The rat closely misses you.
The orc priest invokes the aid of Beogh against you.
Beogh smites you!
* * * LOW HITPOINT WARNING * * *
Attack whom?
Aim: an orc priest (severely wounded)
You closely miss the orc priest. The rat closely misses you.
The orc priest looks satisfied for a moment.
Attack whom?
Aim: an orc priest (severely wounded)
You hit the orc priest. The rat barely misses you.
The orc priest mumbles some strange prayers to Beogh against you.
Pain shoots through your body!
You die...

.....#.##
........#
........+
........#
........#
........#
........#
.....).o##
......or@#
......)###
#####..
#... ...⌠h
≈.....
≈.....


You could see an orc priest, an orc wizard and a rat.

Vanquished Creatures
  Jessica (D:2)
  Robin (D:2)
  2 adders (D:2)
  A worm (D:2)
  2 leopard geckos
  3 orcs (D:3)
  7 bats
  2 giant cockroaches (D:2)
  16 goblins
  6 hobgoblins
  5 jackals
  4 kobolds
  A frilled lizard (D:2)
  8 rats
59 creatures vanquished.

Notes
Turn   | Place    | Note
-------+----------+-------------------------------------------
     0 | D:1      | MalarOregon the Merfolk Gladiator began the quest for the
                  | Orb.
     0 | D:1      | Reached XP level 1. HP: 16/16 MP: 1/1
   145 | D:1      | Reached XP level 2. HP: 7/23 MP: 2/2
   146 | D:1      | Reached skill level 5 in Polearms
   821 | D:1      | Reached XP level 3. HP: 17/28 MP: 3/3
  1221 | D:2      | Found a runed translucent door.
  1222 | D:2      | Noticed Crazy Yiuf
  1264 | D:2      | Found a white marble altar of Elyvilon.
  1314 | D:2      | Noticed Robin
  1333 | D:2      | Reached skill level 6 in Polearms
  1355 | D:2      | Killed Robin
  1355 | D:2      | Reached XP level 4. HP: 21/35 MP: 4/4
  1444 | D:2      | Noticed Jessica
  1454 | D:2      | Killed Jessica
  1886 | D:2      | Reached skill level 7 in Polearms
  2055 | D:2      | Reached XP level 5. HP: 13/41 MP: 5/5
  2563 | D:3      | Killed from afar by an orc priest

Skill      XL: |  1  2  3  4 |
---------------+-------------+-----
Polearms       | 5 6 7 |  7.2
Fighting       | 3 |  3.6
Throwing       | |  2.0
Dodging        | |  4.0

Action                   |  1- 3 |  4- 6 || total
-------------------------+-------+-------++-------
Melee: Trident           |   121 |   101 ||   222
 Stab: Sleeping          |     1 |       ||     1
  Eat: Chunk             |     1 |     2 ||     3
       Ration            |       |     1 ||     1
Armor: Leather armour    |    29 |    12 ||    41
Dodge: Dodged            |    83 |    56 ||   139
